 Dungeon Crawl Stone Soup version 0.30-a0-341-g682706514a (webtiles) character file.

Game seed: 6224186353244092046

410 IdlyInterested the Poker (level 6, -5/49 HPs)
             Began as a Demonspawn Wanderer on Nov 4, 2022.
             Slain by Grinder (6 damage)
             ... while paralysed by Grinder
             ... on level 4 of the Dungeon.
             The game lasted 00:08:01 (2398 turns).

IdlyInterested the Poker (Demonspawn Wanderer)      Turns: 2398, Time: 00:08:02

Health: -5/49      AC:  7    Str: 14    XL:     6   Next: 58%
Magic:  7/7        EV:  2    Int: 18    God:
Gold:   221        SH:  0    Dex:  8    Spells: 7/7 levels left

rFire   . . .      SeeInvis .    a - +3 spear (protect)
rCold   . . .      Faith    .    (no shield)
rNeg    . . .      Spirit   .    d - +1 robe
rPois   .          Reflect  .    r - +0 helmet
rElec   .          Harm     .    (no cloak)
rCorr   .          Rampage  .    h - +0 pair of gloves
Will    .....                    (no boots)
Stlth   +.........               (no amulet)
HPRegen 0.28/turn                (no ring)
MPRegen 0.10/turn                (no ring)

@: paralysed, hasted
A: rugged brown scales 2, powered by pain 1, spiny 1
a: no special abilities


You were on level 4 of the Dungeon.
You visited 1 branch of the dungeon, and saw 4 of its levels.

You collected 221 gold pieces.

Inventory:

Hand Weapons
 a - a +3 spear of protection (weapon)
 i - a +0 short sword
 w - a +0 long sword
Missiles
 j - 4 boomerangs
 q - 3 poisoned darts
 z - 5 javelins
Armour
 d - a +1 robe (worn)
 h - a +0 pair of gloves (worn)
 l - a +0 ring mail
 r - a +0 helmet (worn)
 s - a +0 scale mail
Jewellery
 o - an amulet of faith
Scrolls
 g - a scroll of enchant armour
 n - 3 scrolls of identify {unknown}
 p - 2 scrolls of amnesia {unknown}
 y - a scroll of blinking {unknown}
 B - a scroll of teleportation
 E - a scroll of enchant weapon
Potions
 e - a potion of lignification {unknown}
 f - a potion of curing {unknown}
 k - 2 potions of magic {unknown}
 m - 3 potions of flight {unknown}
 t - 2 potions of heal wounds {unknown}
 u - a potion of attraction {unknown}
 v - 2 potions of mutation {unknown}
 x - a potion of might {unknown}
 A - 2 potions of berserk rage {unknown}
 C - a potion of brilliance {unknown}
 D - a potion of degeneration {unknown}
Miscellaneous
 b - a piece from Xom's chessboard (15/15) (quivered)


   Skills:
 * Level 3.2 Fighting
 + Level 5.5 Polearms
 - Level 2.0 Armour
 - Level 2.0 Dodging
 - Level 1.0 Spellcasting
 - Level 1.7 Translocations
 - Level 2.0 Evocations


You had 7 spell levels left.
You didn't know any spells.
Your spell library contained the following spells:

 Spells                   Type           Power      Damage    Failure   Level
 Blink                    Tloc           14%        N/A       14%         2
 Momentum Strike          Conj/Tloc      8%         3d8       22%         2
 Gell's Gravitas          Tloc           7%         N/A       28%         3
 Teleport Other           Tloc           7%         N/A       28%         3
 Dispersal                Tloc           3%         N/A       100%        6


Dungeon Overview and Level Annotations

Branches:
Dungeon (4/15)             Temple (0/1) D:4

Altars:
Cheibriados
Qazlal

Annotations:
D:4 Grinder


Innate Abilities, Weirdness & Mutations

You are mostly covered in rugged brown scales. (AC +2, +5% HP)
You sometimes gain a little power by taking damage.
You are partially covered in sharp spines.


Message History

The necrophage misses you.
You hit the necrophage.
The necrophage is severely damaged.
You hit the necrophage.
The necrophage is almost destroyed.
The necrophage barely misses you.
You hit the necrophage.
The necrophage is almost destroyed.
You closely miss the necrophage.
The necrophage is almost destroyed.
Grinder is struck by your spines. Grinder hits you but does no damage.
The necrophage barely misses you.
You hit the necrophage.
You destroy the necrophage!
Your life force feels restored.
You hit Grinder.
Grinder is heavily wounded.
Grinder gestures at you. You resist with significant effort.
You hit Grinder.
Grinder is severely wounded.
You hit Grinder. Your punch misses Grinder.
Grinder is severely wounded.
Grinder blinks!
A hobgoblin comes into view.
Reach: a) +3 spear (protect)
Press: ? - help, Dir - move target, f - Grinder
Aim: Grinder (severely wounded, about 39% to evade your +3 spear of protection)
You reach to attack!
You barely miss Grinder.
Grinder is severely wounded.
Grinder gestures at you.
You suddenly lose the ability to move!
Grinder hits you.
* * * LOW HITPOINT WARNING * * *
You writhe in agony.
* * * LOW HITPOINT WARNING * * *
Grinder hits you!
* * * LOW HITPOINT WARNING * * *
Grinder hits you.
You die...

....
####................#
...#
#.....##...###.....
P..
##..#.###...####..#
## ###..#####......
..## #....##
#..###.#..# .
##.##.#####.# ## .#
.# #........#..# ##
#'##†.......# P.
#......@5.$.# .#
#.#........## .# #
#....g...#
.............
.......##<.....
...<...[. ......
...###... ...... .#
#.. ......


You could see Grinder and a hobgoblin.

Vanquished Creatures
  Sigmund (D:4)
  A necrophage (D:4)
  An iguana (D:4)
  4 gnolls (D:2)
  4 adders
  A worm (D:4)
  A dart slug (D:2)
  2 orcs (D:4)
  8 bats
  6 endoplasms
  8 giant cockroaches
  6 goblins
  4 hobgoblins
  4 jackals (D:1)
  2 quokkas
  9 ball pythons
  4 frilled lizards
  4 kobolds
  6 rats
76 creatures vanquished.

Vanquished Creatures (others)
  A frilled lizard (D:3)
  2 plants (D:4)
3 creatures vanquished.

Grand Total: 79 creatures vanquished

Notes
Turn   | Place    | Note
-------+----------+-------------------------------------------
     0 | D:1      | IdlyInterested the Demonspawn Wanderer began the quest for
                  | the Orb.
     0 | D:1      | IdlyInterested set off with the following items: a +2
                  | spear, a piece from Xom's chessboard (15/15), a potion of
                  | haste, a +0 robe; and the following spells available to
                  | memorise: Blink, Momentum Strike.
     0 | D:1      | Reached XP level 1. HP: 13/13 MP: 2/2
    59 | D:1      | Reached skill level 3 in Polearms
    59 | D:1      | Gained mutation: You are partially covered in sharp spines.
                  | [demonic ancestry]
    59 | D:1      | Reached XP level 2. HP: 19/20 MP: 3/3
   224 | D:1      | Reached skill level 1 in Fighting
   233 | D:1      | Gained mutation: You are partially covered in rugged brown
                  | scales. (AC +1, +3% HP) [demonic ancestry]
   233 | D:1      | Reached XP level 3. HP: 13/26 MP: 4/4
   739 | D:2      | Found a snail-covered altar of Cheibriados.
   894 | D:2      | Found a faded altar of an unknown god.
   921 | D:2      | Reached skill level 1 in Dodging
   923 | D:2      | Gained mutation: You are mostly covered in rugged brown
                  | scales. (AC +2, +5% HP) [demonic ancestry]
   923 | D:2      | Reached XP level 4. HP: 10/33 MP: 5/5
  1152 | D:2      | Reached skill level 4 in Polearms
  1780 | D:3      | Found a stormy altar of Qazlal.
  2127 | D:4      | Found a staircase to the Ecumenical Temple.
  2270 | D:4      | Reached XP level 5. HP: 39/39 MP: 6/6
  2272 | D:4      | Noticed Sigmund
  2286 | D:4      | Killed Sigmund
  2287 | D:4      | Reached skill level 5 in Polearms
  2287 | D:4      | Gained mutation: You sometimes gain a little power by
                  | taking damage. [demonic ancestry]
  2287 | D:4      | Reached XP level 6. HP: 10/48 MP: 7/7
  2363 | D:4      | Noticed Grinder
  2365 | D:4      | Paralysed by Grinder for 4 turns
  2394 | D:4      | Paralysed by Grinder for 5 turns
  2397 | D:4      | HP: 1/49 [Grinder (7)]
  2398 | D:4      | Slain by Grinder

Illustrated notes

Levels and vault maps discovered:
D:1:      psy_arrival_fountain, layout_rooms, minmay_misc_feat_rugged,
          minmay_hexomino_f4
D:2:      layout_basic, basic_altar,
          hellmonk_ecumenical_altar_pennies_from_heaven
D:3:      layout_basic, grunt_qazlal_clouds
D:4:      layout_cave_pools, pdpol_temple_overflow_zin_treasury_gozag_greed,
          minmay_temple_entry_gardened_gates, chequers_ossuary_entry_cave,
          uniq_grinder, uniq_sigmund

Skill      XL: |  1  2  3  4  5  6 |
---------------+-------------------+-----
Polearms       | 3 4 5 |  5.5
Armour         | 2 |  2.0
Fighting       | 1 2 3 |  3.2
Dodging        | 1 2 |  2.0
Spellcasting   | |  1.0
Translocations | |  1.7
Evocations     | |  2.0

Action                   |  1- 3 |  4- 6 || total
-------------------------+-------+-------++-------
Melee: Spear             |    90 |   110 ||   200
Evoke: Piece from Xom's  |     2 |       ||     2
  Use: Scroll            |     4 |     5 ||     9
       Potion            |       |     1 ||     1
 Stab: Sleeping          |     1 |       ||     1
Armor: Robe              |    22 |    58 ||    80
Dodge: Dodged            |    33 |    40 ||    73

Table legend: (Time is in decaauts)
 A = Elapsed time spent in this place.
 B = Non-inter-level travel time spent in this place.
 C = Inter-level travel time spent in this place.
 D = Time resting spent in this place.
 E = Time spent auto-exploring this place.
 F = Levels seen in this place.
 G = Mean time per level.
                   A        B        C        D        E       F      G
               +--------+--------+--------+--------+--------+-----+--------+
         Total |   2376 |   1928 |    448 |     95 |   1083 |   4 |  594.0 |
       Dungeon |   2376 |   1928 |    448 |     95 |   1083 |   4 |  594.0 |
               +--------+--------+--------+--------+--------+-----+--------+

Top non-repeatable levels by time:
     D:1: 835 daAuts
     D:2: 804 daAuts
     D:3: 463 daAuts
     D:4: 273 daAuts
